AoeStats
← Chigüiro

Fortress

510020398Analyzed
4v4 RM · 2d ago on Sep 29, 2026· 53m 57s· 8 players
Game mode
Random Map
Map size
Huge
Population
200
Speed
Normal
Resources
Standard
Victory
Conquest
Starting age
Dark Age
Ending age
Imperial Age
RankedLock teamsTeams togetherTeam positionsShared explorationLock speedFull tech treeHidden civsTurbo modeCheats
Victory
Defeat
🇨🇴 Khmer · Colombia
1575
+12
🇨🇳 Mongols · China
1538
+14
🇺🇸 Mongols · United States
1488
+16
🇺🇸 Mapuche · United States
1440
+18
🇺🇸 Turks · United States
1563
-18
🇦🇺 Malians · Australia
1536
-17
🇺🇸 Cumans · United States
1494
-15
🇺🇸 Celts · United States
1352
-10
Lobby Link
6:37 Feudal Age
7:07 Double-Bit Axe
8:18 Horse Collar
16:43 Wheelbarrow
20:20 Loom
35:26 Castle Age
34:00 Scale Mail Armor
36:39 Pikeman
39:25 Chain Mail Armor
39:20 Forging
39:16 Scale Barding Armor
42:58 Imperial Age
43:05 Imperial Age
42:29 Iron Casting
43:39 Heavy Plow
43:29 Gold Mining
45:06 Onager
47:01 Plate Mail Armor
49:14 Gold Shaft Mining
50:23 Heavy Scorpion
50:51 Halberdier
53:50 Capped Ram
A Toothbrush
7:13 Feudal Age
11:11 Castle Age
10:33 Double-Bit Axe
11:57 Horse Collar
15:46 Capped Ram
23:33 Wheelbarrow
23:00 Heavy Plow
24:49 Fletching
24:59 Padded Archer Armor
28:37 Hand Cart
28:08 Loom
28:08 Town Watch
28:42 Bodkin Arrow
30:38 Leather Archer Armor
30:27 Elite Skirmisher
31:13 Thumb Ring
32:22 Ballistics
32:35 Steppe Husbandry
36:24 Imperial Age
34:25 Masonry
36:05 Bow Saw
37:40 Ring Archer Armor
38:14 Chemistry
38:54 Two-Man Saw
38:20 Conscription
38:04 Siege Ram
40:03 Crop Rotation
43:51 Hoardings
43:17 Cuman Mercenaries
43:59 Bloodlines
44:15 Parthian Tactics
44:02 Sappers
45:27 Elite Kipchak
47:33 Murder Holes
52:06 Scale Mail Armor
52:16 Forging
51:28 Pikeman
52:08 Squires
51:53 Arson
52:19 Halberdier
53:15 Chain Mail Armor
Fluffy Chirp
6:37 Feudal Age
10:23 Castle Age
14:02 Imperial Age
13:16 Gold Mining
16:25 Padded Archer Armor
24:21 Leather Archer Armor
24:33 Loom
30:40 Ring Archer Armor
31:00 Wheelbarrow
30:06 Horse Collar
30:17 Double-Bit Axe
32:37 Bloodlines
32:27 Husbandry
33:33 Town Watch
34:52 Bow Saw
34:46 Heavy Plow
35:03 Stone Mining
37:38 Sanctity
37:29 Fervor
37:30 Fletching
37:56 Scale Barding Armor
38:02 Forging
40:29 Chain Barding Armor
42:35 Plate Barding Armor
43:10 Iron Casting
46:12 Blast Furnace
47:20 Hand Cart
Lightning
8:27 Feudal Age
9:32 Double-Bit Axe
12:20 Castle Age
10:20 Horse Collar
10:48 Man-at-Arms
11:32 Scale Mail Armor
11:21 Arson
12:01 Gold Mining
12:57 Long Swordsman
13:57 Squires
17:33 Chain Mail Armor
24:34 Loom
29:05 Forging
31:56 Wheelbarrow
34:15 Imperial Age
34:04 Iron Casting
32:51 Pikeman
34:20 Two-Handed Swordsman
35:11 Farimba
35:32 Conscription
35:19 Scale Barding Armor
35:50 Champion
39:10 Plate Mail Armor
39:02 Chain Barding Armor
42:43 Elite Gbeto
44:00 Hoardings
43:56 Bloodlines
43:46 Husbandry
45:09 Plate Barding Armor
43:57 Heavy Camel Rider
49:14 Fletching
48:51 Light Cavalry
49:55 Bow Saw
52:15 Bodkin Arrow
52:21 Padded Archer Armor
|TheCore| MADKILLER!!!
7:39 Feudal Age
8:48 Double-Bit Axe
11:41 Castle Age
9:29 Horse Collar
12:45 Bow Saw
12:39 Heavy Plow
18:59 Fletching
19:09 Padded Archer Armor
20:23 Gold Mining
23:10 Wheelbarrow
22:20 Town Watch
22:21 Loom
24:26 Bodkin Arrow
24:47 Leather Archer Armor
27:06 Hand Cart
26:52 Town Patrol
30:45 Imperial Age
29:12 Ballistics
28:33 Treadmill Crane
30:47 Elite Bolas Rider
32:39 Chemistry
32:12 Ring Archer Armor
32:05 Conscription
31:57 Malon
36:56 Crop Rotation
37:01 Gold Shaft Mining
36:17 Stone Mining
36:53 Elite Kona
37:42 Butalmapu
38:31 Coinage
45:03 Banking
44:34 Caravan
45:12 Stone Shaft Mining
47:34 Hoardings
48:22 Forging
48:13 Scale Mail Armor
48:00 Arson
47:37 Champi Runner
52:44 Champi Warrior
54:10 Iron Casting
53:51 Chain Mail Armor
Chigüiro
8:26 Feudal Age
11:13 Castle Age
9:06 Double-Bit Axe
9:08 Horse Collar
13:26 Bow Saw
16:57 Husbandry
21:06 Scale Barding Armor
22:12 Loom
26:38 Ballistics
31:14 Imperial Age
35:39 Imperial Age
37:11 Double Crossbow
37:52 Siege Engineers
39:25 Chain Barding Armor
39:08 Elite Ballista Elephant
42:24 Conscription
42:04 Town Watch
42:57 Caravan
46:14 Plate Barding Armor
46:43 Coinage
45:49 Light Cavalry
46:40 Bloodlines
47:08 Wheelbarrow
46:43 Hussar
49:12 Forging
51:35 Iron Casting
52:43 Chemistry
庄老大
7:31 Feudal Age
11:16 Castle Age
9:29 Double-Bit Axe
9:35 Horse Collar
12:11 Bow Saw
15:14 Loom
15:44 Gold Mining
17:14 Fletching
19:39 Wheelbarrow
20:55 Wheelbarrow
21:57 Bodkin Arrow
25:08 Padded Archer Armor
26:21 Husbandry
35:45 Imperial Age
34:21 Bloodlines
34:40 Stone Mining
35:23 Ballistics
36:10 Nomads
36:18 Padded Archer Armor
36:25 Scale Barding Armor
36:49 Conscription
37:32 Chemistry
36:33 Bracer
36:24 Town Watch
38:03 Leather Archer Armor
37:56 Thumb Ring
39:00 Forging
39:10 Chain Barding Armor
39:29 Hand Cart
40:39 Elite Mangudai
43:09 Coinage
44:31 Light Cavalry
45:47 Iron Casting
45:45 Parthian Tactics
45:01 Capped Ram
49:08 Hoardings
50:43 Caravan
52:11 Drill
YOGRANNYCANTSCRAP
6:39 Feudal Age
10:24 Castle Age
9:53 Double-Bit Axe
18:27 Wheelbarrow
18:32 Fletching
40:31 Fortified Wall
49:37 Horse Collar
49:51 Light Cavalry
51:29 Loom
52:30 Caravan
53:03 Bloodlines
53:20 Hand Cart
53:32 Scale Barding Armor
53:38 Forging
54:04 Husbandry
56:39 Imperial Age
54:37 Chain Barding Armor
Connection lost

Rejoining the realm…

Still unreachable

The connection could not be restored.

Session expired

The server has moved on; the page needs a fresh start.